 Dungeon Crawl Stone Soup version 0.25-a0-109-ge9c0e85935 (webtiles) character file.

Game seed: 3214466899286393241, levelgen mode: deterministic

104 night the Vexing (level 4, 0/30 HPs)
             Began as a Vampire Enchanter on Nov 18, 2019.
             Slain by a hound zombie (2 damage)
             ... on level 4 of the Dungeon.
             The game lasted 00:07:08 (2484 turns).

night the Vexing (Vampire Enchanter)                Turns: 2484, Time: 00:07:09

Health: 0/30       AC:  3    Str:  7    XL:     4   Next: 52%
Magic:  3/7        EV: 13    Int: 18    God:
Gold:   49         SH:  4    Dex: 14    Spells: 1/7 levels left

rFire    . . .     SeeInvis +   b - +1 short sword (venom)
rCold    . . .     Gourm    .   (no shield)
rNeg     . . .     Faith    .   d - +0 robe
rPois    .         Spirit   .   (no helmet)
rElec    .         Reflect  +   (no cloak)
rCorr    .         Harm     .   (no gloves)
MR       .....                  (no boots)
Stlth    +++.......             m - +4 amulet of reflection
HPRegen  0.30/turn              l - +1 ring of protection (curse)
MPRegen  0.10/turn              (no ring)

@: lethally poisoned (0 -> 0), regenerating quickly
A: no food, fangs 3, see invisible, unbreathing
a: Exsanguinate


You were on level 4 of the Dungeon.
You were alive.

You visited 1 branch of the dungeon, and saw 4 of its levels.

You collected 49 gold pieces.

Inventory:

Hand Weapons
 a - a +1 dagger
 b - a +1 short sword of venom (weapon)
 p - a +0 trident
Armour
 d - a +0 robe (worn)
Jewellery
 l - a cursed +1 ring of protection (left hand)
 m - a +4 amulet of reflection (around neck)
Wands
 h - a wand of acid (10)
Scrolls
 c - 2 scrolls of remove curse {unknown}
 e - 3 scrolls of teleportation {unknown}
 f - 2 scrolls of identify {unknown}
 g - a scroll of amnesia {unknown}
 k - a scroll of blinking {unknown}
 n - a scroll of magic mapping {unknown}
Potions
 i - a potion of degeneration {unknown}
 j - a potion of flight {unknown}
 o - a potion of resistance {unknown}


   Skills:
 - Level 1.1 Short Blades
 + Level 3.2 Dodging
 + Level 5.5 Stealth
 - Level 2.0 Spellcasting
 * Level 6.4 Hexes


You had one spell level left.
You knew the following spells:

 Your Spells              Type           Power        Failure   Level  Hunger
a - Corona                Hex            ###....      1%          1    N/A
b - Ensorcelled Hibernat  Hex/Ice        ##....       8%          2    N/A
c - Confuse               Hex            ###.....     3%          3    N/A

Your spell library contained the following spells:

 Spells                   Type           Power        Failure   Level  Hunger
 Tukima's Dance           Hex            ###.....     3%          3    N/A
 Dazzling Spray           Conj/Hex       ##....       14%         3    N/A

Dungeon Overview and Level Annotations

Branches:
Dungeon (4/15)
 Temple: D:4-7

Altars:

Annotations:
D:3 2 runed translucent doors, bmj180's ghost, amateur HOFi


Innate Abilities, Weirdness & Mutations

You do not eat.
Your natural rate of healing is unusually fast.
You have razor-sharp teeth.
You have supernaturally acute eyesight. (SInv)
You can survive without breathing.


Message History

The hound zombie is almost destroyed.
The hound zombie misses you.
Your magical contamination has completely faded away.
You barely miss the hound zombie.
The hound zombie is almost destroyed.
You feel sick. The hound zombie bites you.
* * * LOW HITPOINT WARNING * * *
The hound zombie closely misses you.
You see here an orc corpse.
You closely miss the hound zombie.
The hound zombie is almost destroyed.
The hound zombie bites you.
* * * LOW HITPOINT WARNING * * *
You hit the hound zombie but do no damage.
The hound zombie is almost destroyed.
You feel sick. The hound zombie bites you.
* * * LOW HITPOINT WARNING * * *
You block the hound zombie's attack. The hound zombie bites you.
You die...

##+##
##...##
##.....##
##.......##
#.@....$..#
+.Z.<.....+
#.........#
##.!.....##
##.....##
##...##
......
##.###. .#


You could see a hound zombie.

Vanquished Creatures
  3 adders
  An ooze (D:2)
  A worm (D:3)
  2 dart slugs (D:1)
  3 leopard geckos
  3 orcs
  7 bats
  3 giant cockroaches
  7 goblins
  8 hobgoblins
  A quokka (D:2)
  4 frilled lizards
  11 kobolds
  3 rats
57 creatures vanquished.

Notes
Turn   | Place    | Note
-------+----------+-------------------------------------------
     0 | D:1      | night the Vampire Enchanter began the quest for the Orb.
     0 | D:1      | Reached XP level 1. HP: 13/13 MP: 3/3
   208 | D:1      | Reached XP level 2. HP: 15/19 MP: 3/5
   255 | D:1      | Reached skill level 5 in Hexes
   275 | D:1      | Learned a level 2 spell: Ensorcelled Hibernation
  1032 | D:2      | Reached XP level 3. HP: 24/24 MP: 3/6
  1037 | D:2      | Learned a level 3 spell: Confuse
  1151 | D:2      | Reached skill level 5 in Stealth
  1631 | D:2      | Reached skill level 6 in Hexes
  1764 | D:2      | Reached XP level 4. HP: 30/30 MP: 7/7
  2107 | D:3      | Found a runed translucent door.
  2107 | D:3      | Noticed bmj180's ghost (amateur HOFi)
  2420 | D:3      | Found a runed translucent door.
  2484 | D:4      | Slain by a hound zombie

Levels and vault maps discovered:
D:1:      eino_arrival_tree_alley, layout_loops_ring, glass_columns_a
D:2:      layout_basic
D:3:      layout_rooms, first_ration, ebering_ghost_sewer_f
D:4:      layout_loops_corners, kennysheep_ying_yang, doesnt_xom_only_xom,
          grunt_temple_overflow_open, wad_rectangle_vault, uniq_sigmund,
          uniq_pikel

Skill      XL: |  1  2  3 |
---------------+----------+-----
Hexes          | 5 6 |  6.4
Stealth        | 5 |  5.5
Dodging        | 3 |  3.2
Short Blades   | |  1.1
Spellcasting   | |  2.0

Action                   |  1- 3 |  4- 6 || total
-------------------------+-------+-------++-------
Melee: Dagger            |    43 |       ||    43
       Bite              |     4 |     5 ||     9
       Short sword       |    50 |    66 ||   116
 Cast: Corona            |     7 |     1 ||     8
       Ensorcelled Hiber |     8 |     6 ||    14
       Confuse           |     1 |       ||     1
 Stab: Sleeping          |    12 |     6 ||    18
Armor: Robe              |    22 |     8 ||    30
Dodge: Dodged            |    56 |    51 ||   107
Block: Other             |       |    16 ||    16

Table legend:
 A = Non-vault XP
 B = Vault XP
 C = Vault XP percentage of total XP
 D = Non-vault monster count
 E = Vault monster count
 F = Vault count percentage of total count
                 A         B        C        D         E       F
            +---------+---------+-------+---------+---------+-------
      Total |     149 |       0 |   0.0 |      57 |       0 |   0.0
            +---------+---------+-------+---------+---------+-------
        D:1 |      38 |       0 |   0.0 |      19 |       0 |   0.0
        D:2 |      60 |       0 |   0.0 |      19 |       0 |   0.0
        D:3 |      35 |       0 |   0.0 |      17 |       0 |   0.0
        D:4 |      16 |       0 |   0.0 |       2 |       0 |   0.0
            +---------+---------+-------+---------+---------+-------
